 Dungeon Crawl Stone Soup version 0.21-a0-578-gc6e9d75 (webtiles) character file.

60 slep the Chopper (level 3, -5/27 HPs)
             Began as a Demonspawn Gladiator on Dec 19, 2017.
             Slain by Natasha (7 damage)
             ... on level 2 of the Dungeon.
             The game lasted 00:03:05 (1482 turns).

slep the Chopper (Demonspawn Gladiator)             Turns: 1482, Time: 00:03:06

Health: -5/27      AC:  4    Str: 14    XL:     3   Next: 80%
Magic:  3/3        EV: 13    Int:  9    God:
Gold:   49         SH:  2    Dex: 15    Spells: 2/2 levels left

rFire    . . .     SeeInvis .   a - +0 war axe
rCold    . . .     Gourm    .   (no shield)
rNeg     . . .     Faith    .   m - +0 leather armour (curse)
rPois    .         Spirit   .   c - +0 helmet
rElec    .         Reflect  +   (no cloak)
rCorr    .         Harm     .   (no gloves)
MR       .....                  (no boots)
Stlth    +.........             j - +2 amulet of reflection
HPRegen  0.09/turn              (no ring)
MPRegen  0.08/turn              (no ring)

@: no status effects
A: demonic guardian 1
a: no special abilities


You were on level 2 of the Dungeon.
You were not hungry.

You visited 1 branch of the dungeon, and saw 2 of its levels.

You collected 49 gold pieces.

Inventory:

Hand Weapons
 a - a +0 war axe (weapon)
Missiles
 d - 3 throwing nets (quivered)
Armour
 b - a +0 leather armour
 c - a +0 helmet (worn)
 m - a cursed +0 leather armour (worn)
Jewellery
 j - a +2 amulet of reflection (around neck)
Scrolls
 e - 2 scrolls of identify {unknown}
 l - 2 scrolls of amnesia {unknown}
 o - a scroll of teleportation {unknown}
 r - a scroll of remove curse {unknown}
Potions
 g - 2 potions of cancellation {unknown}
 h - a potion of invisibility {unknown}
 i - a potion of curing {unknown}
 k - 2 potions of flight {unknown}
 n - a potion of heal wounds {unknown}
 p - a potion of lignification {unknown}
 s - a potion of mutation {unknown}
Comestibles
 f - 6 rations


   Skills:
 + Level 2.3 Fighting
 + Level 3.5 Axes
 + Level 1.8 Throwing
 + Level 0.4 Armour
 + Level 3.3 Dodging
 + Level 0.1 Stealth


You had 2 spell levels left.
You didn't know any spells.

Dungeon Overview and Level Annotations

Branches:
Dungeon (2/15)

Altars:
Qazlal

Annotations:
D:2 Natasha


Innate Abilities, Weirdness & Mutations

A weak demonic guardian rushes to your aid.


Message History

The magic dart hits you!
You barely miss Natasha.
Natasha stares at you and mumbles some strange words.
The magic dart hits you!
You slash Natasha!
Natasha is severely wounded.
Natasha claws you!
* * * LOW HITPOINT WARNING * * *
Natasha claws you but does no damage.
You closely miss Natasha.
Natasha is severely wounded.
Natasha claws you!
* * * LOW HITPOINT WARNING * * *
You closely miss Natasha.
Natasha is severely wounded.
Natasha completely misses you.
You closely miss Natasha.
Natasha is severely wounded.
Natasha completely misses you. Natasha claws you!
You die...

############
#..5@h......
#.########## #........
#........ #####........
#...........#
#...........######+#
#...........##.....#
#...........##..)..####


You could see Natasha and a friendly white imp.

Vanquished Creatures
  2 adders (D:2)
  An ooze (D:1)
  2 worms (D:2)
  A dart slug (D:1)
  2 leopard geckos
  A giant cockroach (D:2)
  4 goblins
  5 hobgoblins
  A quokka (D:2)
  2 bats
  A frilled lizard (D:2)
  2 kobolds
  5 rats
29 creatures vanquished.

Notes
Turn   | Place    | Note
-------+----------+-------------------------------------------
     0 | D:1      | slep the Demonspawn Gladiator began the quest for the Orb.
     0 | D:1      | Reached XP level 1. HP: 16/16 MP: 1/1
    43 | D:1      | Gained mutation: A weak demonic guardian rushes to your aid. [demonic ancestry]
    43 | D:1      | Reached XP level 2. HP: 5/22 MP: 2/2
   746 | D:2      | Reached XP level 3. HP: 13/27 MP: 3/3
  1047 | D:2      | Noticed an earth elemental
  1049 | D:2      | Found a stormy altar of Qazlal.
  1050 | D:2      | Noticed a fire elemental
  1050 | D:2      | Noticed a water elemental
  1050 | D:2      | Noticed an air elemental
  1474 | D:2      | Noticed Natasha
  1480 | D:2      | HP: 1/27 [Natasha (7)]
  1482 | D:2      | Slain by Natasha

Vault maps used:
D:1:      dpeg_arrival_short_road, due_unseen_surprise
D:2:      nicolae_qazlal_style_of_elements, uniq_natasha

Skill      XL: |  1  2 |
---------------+-------+-----
Dodging        | 3 |  3.3
Axes           | 3 |  3.5
Fighting       | |  2.3
Throwing       | |  1.8
Armour         | |  0.4
Stealth        | |  0.1

Action                   || total
-------------------------++-------
Melee: War axe           ||    93
 Stab: Sleeping          ||     1
  Eat: Chunk             ||     2
Armor: Leather armour    ||    16
Dodge: Dodged            ||    62
Block: Other             ||     7

Table legend:
 A = Spawn XP
 B = Non-spawn XP
 C = Spawn XP percentage of total XP
 D = Spawn monster count
 E = Non-spawn monster count
 F = Spawn count percentage of total count
 G = Total turns spent on level
                    A         B        C        D         E        F      G
               +---------+---------+-------+---------+---------+-------+---------
         Total |       0 |      86 |   0.0 |       0 |      29 |   0.0 |  1482
               +---------+---------+-------+---------+---------+-------+---------
           D:1 |       0 |      27 |   0.0 |       0 |      12 |   0.0 |   640
           D:2 |       0 |      59 |   0.0 |       0 |      17 |   0.0 |   842
               +---------+---------+-------+---------+---------+-------+---------
